 Dungeon Crawl Stone Soup version 0.31.0-4-g52a2dc7128 (webtiles) character file.

Game seed: 11899870522233767425

243 Gottschkopf the Trooper (level 5, -6/50 HPs)
             Began as a Minotaur Fighter on Jan 22, 2024.
             Was a Follower of Makhleb.
             Shot with an arrow by a centaur (8 damage)
             ... on level 6 of the Dungeon.
             The game lasted 00:06:05 (2133 turns).

Gottschkopf the Trooper (Minotaur Fighter)          Turns: 2133, Time: 00:06:06

Health: -6/50      AC:  9    Str: 23    XL:     5   Next: 82%
Magic:  4/4        EV:  8    Int:  5    God:    Makhleb [*.....]
Gold:   144        SH:  4    Dex:  9    Spells: 4/4 levels left

rFire   . . .        r - +0 scimitar
rCold   + . .        c - +0 buckler
rNeg    . . .        q - +0 chain mail
rPois   .            (helmet restricted)
rElec   .            (no cloak)
rCorr   .            (no gloves)
SInv    .            (no boots)
Will    .....        (no amulet) Stlth
                     u - ring of protection from cold
HPRegen 0.28/turn    (no ring)
MPRegen 0.09/turn

%: no passive effects
@: no status effects
A: horns 2, retaliatory headbutt
a: Renounce Religion


You were on level 6 of the Dungeon.
You worshipped Makhleb.
Makhleb was aware of your devotion.
You visited 1 branch of the dungeon, and saw 4 of its levels.

You collected 144 gold pieces.

Inventory:

Hand Weapons
 r - a +0 scimitar (weapon)
Armour
 c - a +0 buckler (worn)
 g - a +1 helmet
 q - a +0 chain mail (worn)
Jewellery
 u - a ring of protection from cold (left hand)
Wands
 s - a wand of light (5)
Scrolls
 b - a scroll of teleportation {unknown}
 i - 2 scrolls of enchant armour {unknown}
 k - 2 scrolls of fog {unknown}
 m - a scroll of poison {unknown}
 o - a scroll of noise {unknown}
 p - a scroll of immolation {unknown}
Potions
 a - 2 potions of attraction {unknown}
 d - 2 potions of might
 e - 3 potions of curing {unknown}
 f - a potion of resistance {unknown}
 h - a potion of heal wounds {unknown}
 j - a potion of invisibility {unknown}
 l - a potion of enlightenment {unknown}
 n - a potion of brilliance {unknown}
 t - a potion of degeneration {unknown}


   Skills:
 * Level 6.2 Fighting
 - Level 2.4 Long Blades
 + Level 5.0 Armour
 + Level 5.0 Shields


You had 4 spell levels left.
You didn't know any spells.
Your spell library contained the following spells:

 Spells                   Type           Power      Damage    Failure   Level
 Apportation              Tloc           0%         N/A       98%         1
 Necrotise                Necr           0%         1d4       98%         1
 Sting                    Conj/Alch      0%         1d3       98%         1
 Summon Small Mammal      Summ           0%         N/A       98%         1
 Jinxbite                 Hex            0%         N/A       99%         2
 Alistair's Intoxication  Alch           0%         N/A       100%        5


Dungeon Overview and Level Annotations

Branches:
Dungeon (3/15)

Altars:
Makhleb
Uskayaw


Innate Abilities, Weirdness & Mutations

You have a pair of horns on your head.
You reflexively headbutt those who attack you in melee.


Message History

The centaur shoots an arrow.
The arrow misses you.
Found a runed battleaxe.
You block the ice beast's attack.
The ice beast hits you but does no damage.
The ice beast attacks as it pursues you!
The ice beast hits you but does no damage.
The ice beast attacks as it pursues you!
The ice beast barely misses you.
The ice beast attacks as it pursues you!
The ice beast hits you but does no damage.
The ice beast attacks as it pursues you!
The ice beast closely misses you.
The centaur shoots an arrow.
You block the arrow.
The centaur shoots an arrow.
The arrow closely misses you.
The centaur shoots an arrow.
The arrow hits you.
The centaur shoots an arrow.
The arrow hits you!
The ice beast attacks as it pursues you!
You block the ice beast's attack.
The centaur shoots an arrow.
The arrow hits you.
The centaur shoots an arrow.
The arrow hits you.
Found a spear.
The centaur shoots an arrow.
The arrow hits you!
The centaur shoots an arrow.
The arrow hits you!
* * * LOW HITPOINT WARNING * * *
The ice beast attacks as it pursues you!
The ice beast hits you.
* * * LOW HITPOINT WARNING * * *
The ice beast freezes you. You resist.
* * * LOW HITPOINT WARNING * * *
The ice beast attacks as it pursues you!
The ice beast barely misses you. You furiously retaliate!
You headbutt the ice beast.
The centaur shoots an arrow.
You block the arrow.
The centaur shoots an arrow.
The arrow hits you but does no damage.
Found a lead wand.
The centaur shoots an arrow.
The arrow hits you.
* * * LOW HITPOINT WARNING * * *
You block the ice beast's attack.
The ice beast attacks as it pursues you!
The ice beast barely misses you.
The centaur shoots an arrow.
The arrow hits you!
You die...

.. #....#o.
..........#$.##....#####
...........#...c....#....
.../................#....
#..........##.#....#.O..
##...........#......#....
.............##.....#....
......).......#.........!
##.....@...........#####
##...........##....#####.
.......Y............##...
##.....................##
.............#......#..#
..........O...>...>.....#
............c#.#....#.(.#
........................#
.............(......../..


You could see an ice beast, an ogre and a centaur.

Vanquished Creatures
  Sigmund (D:2)
  3 adders
  A ribbon worm (D:3)
  A dart slug (D:2)
  5 endoplasms
  4 goblins
  3 hobgoblins
  2 jackals (D:2)
  5 kobolds
  2 quokkas (D:2)
  6 ball pythons
  2 bats
  2 frilled lizards (D:2)
  5 rats
42 creatures vanquished.

Notes
Turn   | Place    | Note
-------+----------+-------------------------------------------
     0 | D:1      | Gottschkopf the Minotaur Fighter began the quest for the
                  | Orb.
     0 | D:1      | Reached XP level 1. HP: 19/19 MP: 0/0
   485 | D:1      | Reached skill level 4 in Fighting
   560 | D:1      | Reached XP level 2. HP: 23/27 MP: 1/1
   783 | D:2      | Found a faded altar of an unknown god.
   807 | D:2      | Prayed at the altar of an unknown god.
   807 | D:2      | Became a worshipper of Makhleb the Destroyer
   807 | D:2      | Reached * piety under Makhleb
   830 | D:2      | Reached XP level 3. HP: 33/34 MP: 2/2
   970 | D:2      | Noticed Sigmund
   975 | D:2      | Killed Sigmund
   976 | D:2      | Reached skill level 6 in Fighting
   976 | D:2      | Reached XP level 4. HP: 34/44 MP: 3/3
   976 | D:2      | Reached XP level 5. HP: 38/50 MP: 4/4
  1337 | D:3      | Reached skill level 5 in Armour
  1337 | D:3      | Reached skill level 5 in Shields
  1695 | D:3      | Found a hide-covered altar of Uskayaw.
  2027 | D:3      | You fall into a shaft and drop 3 floors!
  2042 | D:6      | Noticed an ice beast
  2061 | D:6      | Noticed a centaur
  2062 | D:6      | Noticed an orc warrior
  2062 | D:6      | Noticed an ogre
  2131 | D:6      | HP: 1/50 [centaur/arrow (4)]
  2133 | D:6      | Shot with an arrow by a centaur

Illustrated notes

Levels and vault maps discovered:
D:1:      dpeg_arrival_lava_temple_mockup, layout_basic,
          chequers_serial_rivers_large_b
D:2:      layout_loops_ring, chequers_ecumenical_altar_simple_redux,
          uniq_sigmund
D:3:      layout_loops_ring, nicolae_uskayaw_suspiria, minivault_5
D:6:      minmay_clustersquares, layout_rooms

Skill      XL: |  1  2  3  4  5 |
---------------+----------------+-----
Fighting       | 4 6 |  6.2
Armour         | 4 5 |  5.0
Shields        | 4 5 |  5.0
Long Blades    | |  2.4

Action                     |  1- 3 |  4- 6 || total
---------------------------+-------+-------++-------
  Melee: Long sword        |    65 |    39 ||   104
         Headbutt          |     9 |     9 ||    18
         Scimitar          |       |     3 ||     3
 Armour: Scale mail        |    38 |    26 ||    64
         Chain mail        |       |    24 ||    24
  Dodge: Dodged            |    33 |    19 ||    52
  Block: Buckler           |    16 |    16 ||    32
